 Dungeon Crawl Stone Soup version 0.23.2-1-ga50397a6bc (webtiles) character file.

Game seed: 3021220449899996876

144 Foic the Sneak (level 5, -11/44 HPs)
             Began as a Human Chaos Knight on May 14, 2019.
             Was a Plaything of Xom.
             Mangled by a red devil
             ... wielding a +0 trident
             ... summoned by Xom
              (17 damage)
             ... on level 3 of the Dungeon.
             The game lasted 00:08:00 (1637 turns).

Foic the Sneak (Human Chaos Knight)                 Turns: 1637, Time: 00:08:00

Health: -11/44     AC:  5    Str: 12      XL:     5   Next: 52%
Magic:  5/5        EV: 14    Int: 12 (13) God:    Xom [......]
Gold:   119        SH:  0    Dex: 11 (13) Spells: 4/4 levels left

rFire    . . .     SeeInvis .   a - +0 short sword (chaos)
rCold    . . .     Gourm    .   (no shield)
rNeg     . . .     Faith    .   b - +2 leather armour
rPois    .         Spirit   .   (no helmet)
rElec    .         Reflect  .   (no cloak)
rCorr    .         Harm     .   (no gloves)
MR       .....                  (no boots)
Stlth    +++.......             p - amulet of rage
HPRegen  0.14/turn              (no ring)
MPRegen  0.09/turn              (no ring)

@: no status effects
A: blurry vision 1
a: Renounce Religion, Evoke Berserk Rage


You were on level 3 of the Dungeon.
You worshipped Xom.
You were a very special plaything of Xom.
You were not hungry.

You visited 1 branch of the dungeon, and saw 3 of its levels.

You collected 119 gold pieces.

Inventory:

Hand Weapons
 a - a +0 short sword of chaos (weapon)
Missiles
 j - 7 poisoned needles
 k - 30 stones (quivered)
 n - 52 sling bullets
Armour
 b - a +2 leather armour (worn)
 l - a +0 plate armour
Jewellery
 p - an amulet of rage (around neck)
 t - an uncursed amulet of regeneration {unknown}
Scrolls
 d - 3 scrolls of identify
 g - 2 scrolls of fear {unknown}
 h - a scroll of noise {unknown}
 o - a scroll of remove curse {unknown}
 q - a scroll of magic mapping {unknown}
 s - a scroll of enchant weapon {unknown}
Potions
 i - a potion of resistance
 r - a potion of agility
Comestibles
 c - 6 rations
 u - 6 chunks of flesh


   Skills:
 + Level 5.2 Fighting
 + Level 5.3 Short Blades
 + Level 4.3 Armour
 * Level 5.9 Dodging
 * Level 6.2 Stealth


You had 4 spell levels left.
You didn't know any spells.
Your spell library was empty.

Dungeon Overview and Level Annotations

Branches:
Dungeon (3/15)

Altars:
Elyvilon
Gozag
Hepliaklqana
Yredelemnul


Innate Abilities, Weirdness & Mutations

Scrolls take you a little longer to read.


Message History

You hit the red devil. You freeze the red devil.
The red devil is lightly wounded.
The red devil hits you with a +0 trident!
* * * LOW HITPOINT WARNING * * *
The quasit bites you but does no damage.
The quasit claws you but does no damage. x2
You hit the red devil but do no damage.
The red devil is lightly wounded.
The quasit bites you.
* * * LOW HITPOINT WARNING * * *
The quasit closely misses you. x2
You barely miss the red devil.
The red devil is lightly wounded.
The red devil hops backward while attacking.
The red devil hits you from afar with a +0 trident.
* * * LOW HITPOINT WARNING * * *
The quasit misses you. x2; The quasit closely misses you.
The red devil hits you with a +0 trident!
You die...
Xom bursts into laughter!

#...# ##...# #....+
#....# #######
#....##.##....#
##...... #.##.#
###.##...#.#####)##.#
........<..4@.5..##.#
####.##).#.########.#
#...#.# #.# #).##.#
#.# #...#.# #.###
#####.# #...# ..#
#.#'##### ###
#.##...≈# #..#...≈#


You could see a red devil and a quasit.

Vanquished Creatures
  Jessica (D:2)
  An orc wizard (D:2)
  An adder (D:3)
  2 dart slugs (D:2)
  7 orcs
  5 bats
  A giant cockroach (D:2)
  7 goblins
  5 hobgoblins
  3 kobolds
  4 rats
37 creatures vanquished.

Notes
Turn   | Place    | Note
-------+----------+-------------------------------------------
     0 | D:1      | Foic the Human Chaos Knight began the quest for the Orb.
     0 | D:1      | Reached XP level 1. HP: 18/18 MP: 1/1
    71 | D:1      | XOM: harmless Summ miscast
    99 | D:1      | XOM: harmless Necr miscast
   181 | D:1      | Reached XP level 2. HP: 19/24 MP: 2/2
   360 | D:1      | XOM: divination: detect creatures
   431 | D:2      | Reached skill level 1 in Stealth
   514 | D:2      | Reached XP level 3. HP: 29/29 MP: 3/3
   637 | D:2      | Found a basalt altar of Yredelemnul.
   794 | D:2      | Noticed Jessica
   795 | D:2      | XOM: enchant monster (good)
   799 | D:2      | XOM: potion effect (experience)
   799 | D:2      | Reached skill level 5 in Fighting
   799 | D:2      | Reached skill level 5 in Short Blades
   799 | D:2      | Reached skill level 5 in Dodging
   799 | D:2      | Reached skill level 6 in Stealth
   799 | D:2      | Reached XP level 4. HP: 36/39 MP: 4/4
   804 | D:2      | XOM: potion effect (haste)
   809 | D:2      | Killed Jessica
  1230 | D:2      | Found a hazy altar of Hepliaklqana.
  1233 | D:2      | Found an opulent altar of Gozag.
  1237 | D:2      | Found a white marble altar of Elyvilon.
  1337 | D:2      | Reached XP level 5. HP: 39/44 MP: 5/5
  1365 | D:2      | XOM: give mutation
  1365 | D:2      | Gained mutation: Scrolls take you a little longer to read.
                  | [Xom's mischief]
  1417 | D:3      | XOM: noise
  1525 | D:2      | XOM: stat loss: -1 Int (12/13)
  1626 | D:3      | XOM: summons 2 hostile demons
  1627 | D:3      | Noticed a red devil
  1637 | D:3      | Mangled by a red devil

Skill      XL: |  1  2  3 |
---------------+----------+-----
Stealth        | 1 6 |  6.2
Fighting       | 5 |  5.2
Short Blades   | 5 |  5.3
Armour         | 4 |  4.3
Dodging        | 5 |  5.9

Action                   |  1- 3 |  4- 6 || total
-------------------------+-------+-------++-------
Melee: Short sword       |    61 |    58 ||   119
  Use: Scroll            |     1 |       ||     1
       Potion            |       |     5 ||     5
 Stab: Sleeping          |     2 |       ||     2
  Eat: Chunk             |       |     2 ||     2
Armor: Leather armour    |    19 |    16 ||    35
Dodge: Dodged            |    34 |    53 ||    87
